Map: 赛博森林-天梯版

Players

PtitDrogo - Winner!

  • Race: Protoss Protoss
  • Spawn Location: 5:00

Sakura

  • Race: Protoss Protoss
  • Spawn Location: 11:00

Event: 2019 WCS Summer

VOD

Have the link to the VOD?

Description

Time

  • Played on: July 12, 2019, 9:24 a.m.
  • Length: 11:55

All games in this series

Show
View Real Time Build Order
Export as new Build Order

PtitDrogo Protoss - Winner!

Build Orders: Oracle Opening 

Get SALT Encoding   

  12  0:00  Probe  
  13  0:13  Probe  
  14  0:19  Pylon  
  14  0:25  Probe  
  15  0:33  Probe  
  15  0:38  Gateway  
  15  0:41  Probe  
  16  0:47  Assimilator  
  17  0:51  Probe  
  17  0:55  Assimilator  
  18  1:00  Probe  
  19  1:07  Gateway  
  19  1:08  Probe  
  19  1:18  Probe  
  21  1:25  Cybernetics Core  
  21  1:31  Probe  
  22  1:33  Pylon  
  22  1:43  Probe  
  23  1:53  Warp Gate  
  23  1:57  Probe  
  24  2:02  Stalker x2  
  28  2:14  Pylon  
  28  2:22  Pylon  
  28  2:29  Stargate  
  28  2:34  Stalker  
  30  2:40  Stalker  
  32  3:03  Oracle  
  32  3:05  Gateway  
  32  3:15  Shield Battery  
  32  3:18  Pylon  
  35  3:24  Shield Battery  
  35  3:43  Oracle  
  38  3:49  Nexus  
  38  3:56  Shield Battery  
  38  4:02  Adept  
  40  4:14  Adept x2  
  42  4:35  Sentry x2  
  42  4:36  Shield Battery x2  
  42  4:37  Probe  
  47  4:48  Pylon  
  47  5:02  Probe  
  47  5:06  Pylon  
  48  5:09  Probe  
  48  5:17  Robotics Facility  
  46  5:37  Probe  
  47  5:53  Pylon  
  47  5:55  Probe x2  
  49  5:57  Pylon  
  49  6:00  Oracle  
  49  6:07  Probe  
  49  6:11  Pylon  
  52  6:22  Probe  
  52  6:23  Probe  
  54  6:29  Oracle  
  54  6:34  Probe  
  54  6:35  Probe  
  59  6:47  Probe x2  
  54  6:55  Probe x2  
  56  7:02  Oracle  
  56  7:03  Probe x2  
  58  7:13  Probe x2  
  63  7:16  Adept  
  63  7:20  Adept  
  67  7:25  Probe  
  67  7:27  Pylon  
  67  7:29  Phoenix  
  68  7:31  Probe  
  69  7:41  Probe  
  69  7:43  Probe  
  68  7:46  Assimilator  
  68  7:49  Assimilator  
  68  7:50  Robotics Facility  
  68  7:53  Probe  
  68  7:55  Probe  
  70  8:05  Stalker, Probe  
  73  8:07  Probe  
  73  8:12  Stalker x2  
  78  8:19  Probe x2  
  78  8:34  Observer  
  78  8:41  Pylon  
  78  8:46  Twilight Council, Gateway  
  78  8:50  Gateway  
  78  8:52  Gateway  
  78  8:59  Observer  
  78  9:00  Pylon x2  
  79  9:02  Blink  
  79  9:26  Nexus  
  79  9:27  Pylon  
  79  9:28  Immortal  
  83  9:43  Dark Shrine  
  83  9:52  Stalker x4  
  91  10:01  Immortal  
  91  10:02  Stalker x2  
  99  10:29  Probe  
  98  10:36  Stalker x4  
  106  10:47  Shield Battery  
  106  10:52  Pylon  
  106  10:54  Stalker x2  
  110  10:59  Dark Templar  
  110  11:03  Zealot  
  114  11:15  Pylon  
  114  11:16  Stalker x2  
  118  11:24  Adept x3  
  114  11:34  Dark Templar  
  114  11:35  Probe  
  103  11:40  Dark Templar x2  
  103  11:42  Probe  
  99  11:50  Stalker  
Show
View Real Time Build Order
Export as new Build Order

Sakura Protoss 

Build Orders: Dark Templar Rush 

Get SALT Encoding   

  12  0:00  Probe  
  13  0:12  Probe  
  14  0:17  Pylon  
  14  0:23  Probe  
  15  0:31  Probe  
  15  0:37  Gateway  
  15  0:40  Probe  
  16  0:46  Assimilator  
  17  0:51  Probe  
  17  0:55  Assimilator  
  18  0:59  Probe  
  19  1:06  Gateway  
  19  1:07  Probe  
  19  1:17  Probe  
  20  1:24  Cybernetics Core  
  21  1:29  Probe  
  22  1:34  Pylon  
  22  1:41  Probe  
  23  1:53  Probe  
  24  2:04  Adept x2  
  24  2:05  Warp Gate, Pylon  
  28  2:13  Pylon  
  28  2:25  Twilight Council  
  28  2:35  Stalker  
  30  2:44  Robotics Facility  
  30  2:52  Stalker  
  32  3:11  Dark Shrine  
  32  3:15  Gateway  
  32  3:22  Warp Prism  
  32  3:23  Shield Battery  
  34  3:39  Shield Battery  
  34  3:52  Pylon  
  34  3:55  Stalker  
  34  4:29  Dark Templar x3  
  38  4:57  Pylon  
  38  5:00  Dark Templar  
  36  5:16  Dark Templar  
  38  5:21  Nexus  
  34  5:32  Probe  
  35  5:37  Gateway  
  35  5:41  Dark Templar  
  37  5:45  Probe  
  38  5:53  Probe  
  37  6:01  Probe  
  37  6:06  Dark Templar  
  37  6:11  Probe  
  41  6:23  Probe  
  42  6:29  Probe, Dark Templar  
  42  6:33  Assimilator  
  42  6:35  Probe  
  42  6:37  Probe  
  44  6:43  Pylon  
  43  6:47  Probe x2  
  45  6:58  Warp Prism  
  45  6:59  Stalker x3, Probe x2  
  51  7:04  Shield Battery  
  51  7:11  Probe  
  51  7:13  Probe  
  53  7:15  Sentry  
  55  7:24  Stalker  
  55  7:25  Stalker  
  59  7:30  Stalker  
  59  7:31  Probe  
  62  7:41  Stalker  
  64  7:48  Stalker  
  64  7:49  Probe  
  67  8:02  Stalker  
  67  8:03  Stalker  
  71  8:10  Stalker  
  68  8:13  Stalker  
  68  8:14  Probe  
  71  8:27  Stalker x2  
  75  8:37  Twilight Council  
  75  8:40  Assimilator  
  75  8:42  Probe  
  76  8:55  Charge, Pylon  
  76  8:58  Gateway  
  76  8:59  Gateway, Pylon  
  76  9:04  Pylon  
  76  9:07  Warp Prism  
  76  9:12  Sentry x2  
  76  9:19  Pylon  
  78  9:32  Templar Archives  
  77  9:45  Immortal  
  81  9:48  Gateway  
  81  9:57  Dark Templar x2  
  81  9:59  Zealot x3  
  91  10:01  Archon  
  91  10:05  Zealot  
  93  10:22  Pylon  
  93  10:23  Dark Templar x2  
  97  10:37  Archon  
  97  10:38  Dark Templar x2  
  97  10:42  Archon, Pylon  
  101  10:45  Zealot x2  
  101  10:57  Pylon  
  101  11:00  Dark Templar  
  101  11:01  Dark Templar  
  101  11:02  Zealot  
  107  11:08  Archon  
  107  11:10  Stalker  
  99  11:19  Stalker  
  61  11:49  Zealot x3  
Tags
 
Add a new tag
Caveats
  • Supply blocks, unpowered buildings, or Contaminate may cause inaccurate times.
  • Supply counts are checked every 10 seconds.